 Dungeon Crawl Stone Soup version 0.26.1-11-gd32895ea62 (webtiles) character file.

Game seed: 16249508758110973686

683 Paolo11 the Poker (level 7, -8/53 HPs)
             Began as a Gnoll Wanderer on June 15, 2021.
             Was a Follower of Nemelex Xobeh.
             Killed by divine providence
             ... invoked by an orc priest
              (12 damage)
             ... on level 6 of the Dungeon on July 10, 2021.
             The game lasted 00:37:02 (5847 turns).

Paolo11 the Poker (Gnoll Wanderer)                  Turns: 5847, Time: 00:37:03

Health: -8/53      AC: 11    Str: 15    XL:     7   Next: 61%
Magic:  10/10      EV:  3    Int: 15    God:    Nemelex Xobeh [*.....]
Gold:   426        SH:  8    Dex: 15    Spells: 11/11 levels left

rFire    . . .     SeeInvis .   V - +0 long sword
rCold    . . .     Faith    .   J - +0 kite shield
rNeg     . . .     Spirit   .   t - +0 plate armour
rPois    .         Reflect  .   (no helmet)
rElec    .         Harm     .   (no cloak)
rCorr    .         Rampage  .   (no gloves)
Will     .....                  (no boots)
Stlth    ..........             (no amulet)
HPRegen  0.17/turn              (no ring)
MPRegen  0.12/turn              (no ring)

@: no status effects
A: distributed training, fangs 1, strong nose
a: Renounce Religion, Draw Escape, Draw Destruction, Draw Summoning


You were on level 6 of the Dungeon.
You worshipped Nemelex Xobeh.
Nemelex Xobeh was aware of your devotion.
You visited 1 branch of the dungeon, and saw 6 of its levels.

You collected 426 gold pieces.

Inventory:

Hand Weapons
 a - a +2 dagger
 f - a +0 mace
 j - a +0 short sword
 l - a +0 spear
 o - a +0 short sword
 r - a +0 dagger
 s - a +0 whip
 w - a +0 hand axe
 z - a +0 hand axe
 C - a +0 spear
 F - a +1 dagger of venom
 G - a +0 flail
 I - a cursed -1 hunting sling
 K - a +0 quarterstaff
 S - a +2 dagger of speed
 T - a +0 flail
 U - a +0 trident
 V - a +0 long sword (weapon)
 X - a +0 flail
 Y - a +0 spear
 Z - a +0 quarterstaff
Missiles
 e - 229 stones (quivered)
 g - 48 bolts
 p - 41 arrows
 v - 4 atropa-tipped darts
 H - 5 boomerangs
 M - 12 sling bullets
Armour
 t - a +0 plate armour (worn)
 J - a +0 kite shield (worn)
 L - a +0 cloak
 N - a +0 chain mail
 P - the +1 pair of boots of Elyvilon's Outrage {Int+6, unknown}
   (You found it on level 4 of the Dungeon)

   It affects your intelligence (+6).
Jewellery
 R - an uncursed ring of protection from cold {unknown}
Wands
 n - a wand of flame (18)
 Q - a wand of acid (9)
Scrolls
 b - a scroll of fear
 d - 2 scrolls of teleportation
 k - 4 scrolls of remove curse
 u - 2 scrolls of enchant armour {unknown}
 x - 2 scrolls of enchant weapon {unknown}
 y - 3 scrolls of amnesia {unknown}
 A - a scroll of fog {unknown}
 B - 3 scrolls of identify
 W - a scroll of summoning {unknown}
Potions
 c - a potion of magic {unknown}
 h - 2 potions of ambrosia
 i - 2 potions of cancellation {unknown}
 m - 2 potions of heal wounds
 q - 2 potions of brilliance {unknown}
 D - a potion of lignification {unknown}
 E - 2 potions of curing
 O - a potion of might {unknown}


   Skills:
 + Level 3.7 Fighting
 + Level 2.6 Short Blades
 + Level 2.6 Long Blades
 + Level 3.7 Axes
 + Level 2.6 Maces & Flails
 + Level 7.1 Polearms
 + Level 2.6 Staves
 + Level 2.6 Slings
 + Level 2.6 Bows
 + Level 2.6 Crossbows
 + Level 2.6 Throwing
 + Level 3.7 Armour
 + Level 3.7 Dodging
 + Level 3.5 Stealth
 + Level 2.6 Shields
 + Level 2.6 Unarmed Combat
 + Level 2.6 Spellcasting
 + Level 2.1 Conjurations
 + Level 2.1 Hexes
 + Level 2.1 Summonings
 + Level 2.1 Necromancy
 + Level 2.1 Translocations
 + Level 2.1 Transmutations
 + Level 2.1 Fire Magic
 + Level 2.1 Ice Magic
 + Level 2.1 Air Magic
 + Level 2.1 Earth Magic
 + Level 2.1 Poison Magic
 + Level 2.9 Invocations
 + Level 5.3 Evocations


You had 11 spell levels left.
You didn't know any spells.
Your spell library was empty.

Dungeon Overview and Level Annotations

Branches:
Dungeon (6/15)             Temple (0/1) D:5

Altars:
Cheibriados
Nemelex Xobeh
Qazlal
Sif Muna
Vehumet
Yredelemnul


Innate Abilities, Weirdness & Mutations

Your experience applies equally to all skills.
You have very sharp teeth.
Your uncanny sense of smell can sniff out nearby items.


Message History

The orc wizard hits you but does no damage.
The orc hits you but does no damage. The hound bites you.
The orc wizard hits you but does no damage.
You closely miss the orc priest. Your bite misses the orc priest.
You block the hound's attack.
The orc priest hits you but does no damage.
The orc wizard hits you but does no damage.
The orc barely misses you. The hound bites you but does no damage.
The ice beast hits you but does no damage.
The orc priest calls down the wrath of Beogh upon you.
Pain shoots through your body!
* * * LOW HITPOINT WARNING * * *
The orc wizard hits you but does no damage.
The orc wizard points at you and mumbles some strange words.
The magic dart hits you.
* * * LOW HITPOINT WARNING * * *
The orc priest mumbles some strange prayers to Beogh against you.
Beogh smites you!
You die...
Your body disappears without a glow.

#.......# ##################
#......######................#
#..###.....##..............$.#
#..#.'..._.##..................
#..###.....##..................
###......######o.................
..........#####.o...######.......
..........#.....hoY.# #.......
.....###.......o@...### ##......
.....# #...............# ......
..$... +.................. .....
....#.##...............### ....
....#..#....####.##....# ..
#.#....# #.# ....# .# #.#...)#
#.# ....# .#####.).)..# #.# ##..#
.....##.....# +#


You could see an ice beast, a hound, an orc priest, an orc wizard (fast) and 2
orcs.

Vanquished Creatures
  A wyvern skeleton (D:6)
  A scorpion (D:6)
  2 orc wizards (D:4)
  A bullfrog skeleton (D:5)
  2 centaur skeletons
  2 iguanas
  4 worker ants
  A hound skeleton (D:6)
  A hound zombie (D:6)
  7 adders
  An ooze (D:3)
  An adder skeleton (D:4)
  2 worms (D:3)
  4 dart slugs
  3 leopard geckos
  8 orcs
  4 bats
  A giant cockroach (D:1)
  5 goblins
  5 hobgoblins
  6 jackals
  4 kobolds
  A quokka (D:4)
  3 ball pythons
  8 frilled lizards
  5 rats
83 creatures vanquished.

Vanquished Creatures (collateral kills)
  A human (D:6)
  An orc priest (D:6)
  A bullfrog skeleton (D:6)
  A hound zombie (D:6)
  A white imp (D:6)
  A leopard gecko (D:4)
  4 orcs (D:6)
  A goblin zombie (D:6)
11 creatures vanquished.

Grand Total: 94 creatures vanquished

Notes
Turn   | Place    | Note
-------+----------+-------------------------------------------
     0 | D:1      | Paolo11 the Gnoll Wanderer began the quest for the Orb.
     0 | D:1      | Paolo11 set off with the following items: a +2 dagger, a
                  | scroll of fear, a +0 ring mail, a scroll of teleportation
     0 | D:1      | Reached XP level 1. HP: 17/17 MP: 1/1
   258 | D:1      | Reached XP level 2. HP: 14/23 MP: 2/2
  1460 | D:2      | Reached XP level 3. HP: 26/28 MP: 3/3
  1475 | D:2      | Reached skill level 1 in Invocations
  1804 | D:2      | Found a sparkling altar of Nemelex Xobeh.
  1804 | D:2      | Found a shimmering blue altar of Sif Muna.
  1815 | D:2      | Became a worshipper of Nemelex Xobeh the Trickster
  2114 | D:2      | Reached skill level 1 in Short Blades
  2114 | D:2      | Reached skill level 1 in Long Blades
  2114 | D:2      | Reached skill level 1 in Maces & Flails
  2114 | D:2      | Reached skill level 1 in Staves
  2114 | D:2      | Reached skill level 1 in Slings
  2114 | D:2      | Reached skill level 1 in Bows
  2114 | D:2      | Reached skill level 1 in Crossbows
  2114 | D:2      | Reached skill level 1 in Throwing
  2114 | D:2      | Reached skill level 1 in Shields
  2114 | D:2      | Reached skill level 1 in Unarmed Combat
  2114 | D:2      | Reached skill level 1 in Spellcasting
  2368 | D:3      | Reached XP level 4. HP: 31/34 MP: 5/5
  2535 | D:3      | Found a snail-covered altar of Cheibriados.
  2585 | D:3      | Found a radiant altar of Vehumet.
  2844 | D:3      | Reached skill level 1 in Conjurations
  2844 | D:3      | Reached skill level 1 in Hexes
  2844 | D:3      | Reached skill level 1 in Summonings
  2844 | D:3      | Reached skill level 1 in Necromancy
  2844 | D:3      | Reached skill level 1 in Translocations
  2844 | D:3      | Reached skill level 1 in Transmutations
  2844 | D:3      | Reached skill level 1 in Fire Magic
  2844 | D:3      | Reached skill level 1 in Ice Magic
  2844 | D:3      | Reached skill level 1 in Air Magic
  2844 | D:3      | Reached skill level 1 in Earth Magic
  2844 | D:3      | Reached skill level 1 in Poison Magic
  3437 | D:3      | You fall into a shaft and drop 2 floors!
  3437 | D:5      | Entered Level 5 of the Dungeon
  3452 | D:5      | Reached XP level 5. HP: 20/40 MP: 5/7
  3780 | D:5      | Reached * piety under Nemelex Xobeh
  4012 | D:4      | Reached XP level 6. HP: 34/47 MP: 8/8
  4351 | D:4      | Reached skill level 5 in Evocations
  4412 | D:4      | Got a pair of jewelled boots
  4547 | D:4      | Received a gift from Nemelex Xobeh
  5264 | D:5      | Found a staircase to the Ecumenical Temple.
  5455 | D:6      | Found a stormy altar of Qazlal.
  5498 | D:6      | Reached XP level 7. HP: 52/52 MP: 10/10
  5506 | D:6      | Reached skill level 7 in Polearms
  5664 | D:6      | Found a runed translucent door.
  5664 | D:6      | Noticed a human
  5692 | D:6      | Found a basalt altar of Yredelemnul.
  5708 | D:6      | Killed a human
  5847 | D:6      | Killed from afar by an orc priest

Illustrated notes

Levels and vault maps discovered:
D:1:      dpeg_arrival_signposts, layout_basic, minmay_heptomino_d4
D:2:      layout_loops_ring, gammafunk_temple_overflow_wave
D:3:      layout_loops_ring, cheibriados_altar_1, marbit_many_paths,
          wander_ebering_terrifying_dragon_lair
D:4:      layout_basic
D:5:      layout_rooms, temple_green, chequers_serial_rivers_room_b
D:6:      layout_basic, basic_altar, st_stairs_5, dk_yredelemnul_ordeal,
          uniq_eustachio

Skill      XL: |  1  2  3  4  5  6  7 |
---------------+----------------------+-----
Invocations    | 1 2 |  2.9
Short Blades   | 1 2 |  2.6
Long Blades    | 1 2 |  2.6
Maces & Flails | 1 2 |  2.6
Staves         | 1 2 |  2.6
Slings         | 1 2 |  2.6
Bows           | 1 2 |  2.6
Crossbows      | 1 2 |  2.6
Throwing       | 1 2 |  2.6
Shields        | 1 2 |  2.6
Unarmed Combat | 1 2 |  2.6
Spellcasting   | 1 2 |  2.6
Conjurations   | 1 2 |  2.1
Hexes          | 1 2 |  2.1
Summonings     | 1 2 |  2.1
Necromancy     | 1 2 |  2.1
Translocations | 1 2 |  2.1
Transmutations | 1 2 |  2.1
Fire Magic     | 1 2 |  2.1
Ice Magic      | 1 2 |  2.1
Air Magic      | 1 2 |  2.1
Earth Magic    | 1 2 |  2.1
Poison Magic   | 1 2 |  2.1
Fighting       | 3 |  3.7
Axes           | 3 |  3.7
Armour         | 3 |  3.7
Dodging        | 3 |  3.7
Stealth        | 3 |  3.5
Evocations     | 5 |  5.3
Polearms       | 7 |  7.1

Action                   |  1- 3 |  4- 6 |  7- 9 || total
-------------------------+-------+-------+-------++-------
Melee: Dagger            |   102 |   101 |       ||   203
       Bite              |    10 |    37 |     2 ||    49
       Spear             |       |   143 |       ||   143
       Punch             |       |     1 |       ||     1
       Mace              |       |    38 |       ||    38
       Long sword        |       |     8 |    37 ||    45
Invok: Draw Destruction  |       |     1 |     1 ||     2
       Draw Summoning    |       |     1 |     1 ||     2
       Draw Escape       |       |       |     1 ||     1
  Use: Scroll            |     3 |     4 |     1 ||     8
       Potion            |       |       |     2 ||     2
Armor: Ring mail         |    32 |       |       ||    32
       Plate armour      |    33 |   173 |    36 ||   242
Dodge: Dodged            |    50 |    40 |     9 ||    99
Block: Kite shield       |       |    57 |    28 ||    85
       Rpst.: Long sword |       |       |     1 ||     1
